 Dungeon Crawl Stone Soup version 0.29-a0-541-gaf1fc19f1b (webtiles) character file.

Game seed: 17630766198222398304

78 happo123 the Sneak (level 4, -4/25 HPs)
             Began as a Kobold Enchanter on June 3, 2022.
             Slain by Crazy Yiuf
             ... wielding a +4 quarterstaff of chaos
              (15 damage)
             ... on level 2 of the Dungeon.
             The game lasted 00:06:32 (2183 turns).

happo123 the Sneak (Kobold Enchanter)               Turns: 2183, Time: 00:06:33

Health: -4/25      AC:  2    Str:  5    XL:     4   Next: 61%
Magic:  0/7        EV: 15    Int: 18    God:
Gold:   246        SH:  0    Dex: 15    Spells: 0/8 levels left

rFire   . . .      SeeInvis .   a - +1 dagger
rCold   . . .      Faith    .   (no shield)
rNeg    . . .      Spirit   .   b - +0 robe
rPois   .          Reflect  .   (no helmet)
rElec   .          Harm     .   (no cloak)
rCorr   .          Rampage  .   (no gloves)
Will    .....                   (no boots)
Stlth   ++++......              (no amulet)
HPRegen 0.08/turn               (no ring)
MPRegen 0.10/turn               (no ring)

@: confusing by touch
A: small, no large weapons, nightstalker 3
a: no special abilities


You were on level 2 of the Dungeon.
You visited 1 branch of the dungeon, and saw 2 of its levels.

You collected 246 gold pieces.

Inventory:

Hand Weapons
 a - a +1 dagger (weapon)
Armour
 b - a +0 robe (worn)
Jewellery
 k - a ring of resist corrosion
Scrolls
 d - a scroll of fear {unknown}
 e - 2 scrolls of fog {unknown}
 h - 2 scrolls of teleportation {unknown}
 i - a scroll of immolation {unknown}
 j - 5 scrolls of identify {unknown}
Potions
 c - 2 potions of invisibility
 f - a potion of heal wounds {unknown}
 g - 2 potions of flight {unknown}


   Skills:
 + Level 1.2 Fighting
 + Level 2.3 Short Blades
 + Level 2.9 Dodging
 + Level 4.5 Stealth
 + Level 2.6 Spellcasting
 * Level 3.7 Hexes
 + Level 0.0 Ice Magic


You couldn't memorise any spells.
You knew the following spells:

 Your Spells              Type           Power      Damage    Failure   Level
a - Ensorcelled Hibernat  Hex/Ice        18%        N/A       12%         2
b - Confusing Touch       Hex            15%        N/A       11%         3
c - Tukima's Dance        Hex            15%        N/A       11%         3

Your spell library contained the following spells:

 Spells                   Type           Power      Damage    Failure   Level
 Dazzling Flash           Conj/Hex       18%        N/A       24%         3
 Conjure Flame            Conj/Fire      2%         6-21      45%         3
 Ignite Poison            Fire/Tmut/Pois 2%         N/A       45%         3
 Ozocubu's Armour         Ice            2%         N/A       45%         3
 Swiftness                Air            2%         N/A       45%         3
 Sticky Flame             Conj/Fire      2%         2d3       86%         4
 Metabolic Englaciation   Hex/Ice        4%         N/A       91%         5
 Polar Vortex             Ice            1%         N/A       100%        9


Dungeon Overview and Level Annotations

Branches:
Dungeon (2/15)

Altars:

Shops:
D:1 (*??=

Annotations:
D:2 Crazy Yiuf


Innate Abilities, Weirdness & Mutations

You are small and have problems with some larger weapons.
You are completely attuned to the shadows.


Message History

Found a stone staircase leading down.
j - 5 scrolls labelled TYUGROT LIOSHE (gained 1)
Found a stone staircase leading up.
There is a stone staircase leading up here.
Found 20 stones.
You see here 20 stones.
You pick up the Compendium of Air and the Frostbite and begin reading...
You add the spells Swiftness, Ozocubu's Armour, Metabolic Englaciation and Polar Vortex to your library.
Found 3 stones.
You see here 3 stones.
There is a faded altar of an unknown god here.
Found a stone staircase leading down.
Found a stone staircase leading up.
There is a stone staircase leading up here.
Found a runed translucent door.
Found a mace.
Okay, then.
This spell is quite dangerous to cast!
Memorise Tukima's Dance, consuming 3 spell levels and leaving 0?
You start memorising the spell.
You continue memorising. x2
Crazy Yiuf shouts!
You continue memorising.
You finish memorising.
Spell assigned to 'c'.
You open the door.
Casting: Ensorcelled Hibernation (safe; 12% risk of failure)
Confirm with . or Enter, or press ? or * to list all spells.
The spell is quite dangerous to miscast (11% risk of failure)!
Continue anyway?
Your hands begin to glow red.
Crazy Yiuf hits you with a +4 quarterstaff of chaos!
You hit Crazy Yiuf but do no damage.
Crazy Yiuf cries, "Adder!
Tosser hand illywillydillykilly."
Crazy Yiuf misses you.
You barely miss Crazy Yiuf.
Crazy Yiuf hits you with a +4 quarterstaff of chaos!
You feel your power leaking away.
You hit Crazy Yiuf but do no damage. You barely miss Crazy Yiuf.
Crazy Yiuf hits you with a +4 quarterstaff of chaos!
Ouch! That really hurt!
You die...

##.##.....####....###.#
#.# ##..##..##.# ##..##
#.# #.# .....#<....
#....# #.# #.#
.≈≈≈....... ##...#
#.########.#
≈≈......... ##.##
#.......#...
≈≈......... ##.#
#...........
†.....#.... #.##
#.......#...
......##... ##.#
#.#.######.# .....##
#@## #.#.# #.....
###### #g# #.#.# #.##.#
... #.#.# #.##.. ####
#...# #.#.###.####
...######### #)..#
#...........
#..........#
#.#.##.#####
##.######### #...##.# #
### #########.#....# #
##......#..#..#.# #


You could see Crazy Yiuf.

Vanquished Creatures
  A jelly (D:2)
  An adder (D:2)
  A worm (D:2)
  A dart slug (D:2)
  2 endoplasms (D:1)
  5 goblins
  3 hobgoblins (D:1)
  4 jackals (D:1)
  2 kobolds (D:1)
  2 quokkas (D:1)
  4 ball pythons (D:1)
  2 bats
  A frilled lizard (D:1)
  2 rats (D:1)
31 creatures vanquished.

Vanquished Creatures (others)
  A fungus (D:1)
  4 toadstools (D:1)
5 creatures vanquished.

Grand Total: 36 creatures vanquished

Notes
Turn   | Place    | Note
-------+----------+-------------------------------------------
     0 | D:1      | happo123 the Kobold Enchanter began the quest for the Orb.
     0 | D:1      | Reached XP level 1. HP: 10/10 MP: 3/3
   340 | D:1      | Found Itiummes's Weapon Shop.
   347 | D:1      | Reached XP level 2. HP: 9/15 MP: 5/5
   586 | D:1      | Learned a level 2 spell: Ensorcelled Hibernation
   596 | D:1      | Found Naliajae's Jewellery Emporium.
   719 | D:1      | Reached XP level 3. HP: 12/20 MP: 1/6
   723 | D:1      | Learned a level 3 spell: Confusing Touch
  1161 | D:1      | Found Ziozetu's Magic Scroll Emporium.
  1287 | D:1      | Found Feruumpo's Assorted Antiques.
  1343 | D:1      | Found Raptapug's Magic Scroll Shop.
  1545 | D:2      | Found a faded altar of an unknown god.
  1587 | D:2      | Reached skill level 1 in Fighting
  1587 | D:2      | Reached XP level 4. HP: 11/25 MP: 2/7
  1987 | D:2      | Got the Compendium of Air and the Frostbite
  2170 | D:2      | Found a runed translucent door.
  2173 | D:2      | Noticed Crazy Yiuf
  2178 | D:2      | Learned a level 3 spell: Tukima's Dance
  2183 | D:2      | Slain by Crazy Yiuf

Illustrated notes

Levels and vault maps discovered:
D:1:      dpeg_arrival_rhombi, layout_basic, serial_shops, shop,
          nicolae_shop_advertising_works [nicolae_subvault_shop_adworks],
          nicolae_shop_bloodbath_and_beyond, nicolae_lakefront_shop, shop,
          hex_medium, minmay_gold_behind_fungi, patterned_corridor
D:2:      layout_loops_cross, shapermc_ecumenical_altar_venn,
          chequers_serial_rivers_micro_c, uniq_crazy_yiuf_cottage

Skill      XL: |  1  2  3 |
---------------+----------+-----
Short Blades   | 2 |  2.3
Fighting       | 1 |  1.2
Dodging        | |  2.9
Stealth        | |  4.5
Spellcasting   | |  2.6
Hexes          | |  3.7

Action                   |  1- 3 |  4- 6 || total
-------------------------+-------+-------++-------
Melee: Dagger            |    62 |     7 ||    69
 Cast: Ensorcelled Hiber |    11 |       ||    11
       Confusing Touch   |       |     1 ||     1
 Stab: Sleeping          |    18 |     2 ||    20
Armor: Robe              |     9 |       ||     9
Dodge: Dodged            |    55 |     1 ||    56

Table legend: (Time is in decaauts)
 A = Elapsed time spent in this place.
 B = Non-inter-level travel time spent in this place.
 C = Inter-level travel time spent in this place.
 D = Time resting spent in this place.
 E = Time spent auto-exploring this place.
 F = Levels seen in this place.
 G = Mean time per level.
                   A        B        C        D        E       F      G
               +--------+--------+--------+--------+--------+-----+--------+
         Total |   2176 |   2098 |     78 |      0 |   1831 |   2 | 1088.0 |
       Dungeon |   2176 |   2098 |     78 |      0 |   1831 |   2 | 1088.0 |
               +--------+--------+--------+--------+--------+-----+--------+

Top non-repeatable levels by time:
     D:1: 1391 daAuts
     D:2: 784 daAuts
